 Dungeon Crawl Stone Soup version 0.31-a0-986-g5e6e4ef867 (webtiles) character file.

Game seed: 3416334013772578008

107 Fodor the Trooper (level 4, 0/41 HPs)
             Began as a Minotaur Fighter on Nov 23, 2023.
             Slain by an orc priest
             ... wielding a +0 mace
              (3 damage)
             ... on level 3 of the Dungeon.
             The game lasted 00:08:08 (1170 turns).

Fodor the Trooper (Minotaur Fighter)                Turns: 1170, Time: 00:08:09

Health: 0/41       AC: 10    Str: 22    XL:     4   Next: 57%
Magic:  3/3        EV:  9    Int:  5    God:
Gold:   88         SH:  4    Dex: 10    Spells: 3/3 levels left

rFire   . . .        a - +0 war axe
rCold   . . .        c - +0 buckler
rNeg    . . .        b - +0 scale mail
rPois   .            (helmet restricted)
rElec   .            (no cloak)
rCorr   .            e - +0 pair of gloves
SInv    .            (no boots)
Will    .....        (no amulet) Stlth
                     (no ring)
HPRegen 0.26/turn    (no ring)
MPRegen 0.08/turn

%: no passive effects
@: no status effects
A: horns 2, retaliatory headbutt, iridescent scales 1
a: no special abilities


You were on level 3 of the Dungeon.
You visited 1 branch of the dungeon, and saw 3 of its levels.

You collected 88 gold pieces.

Inventory:

Hand Weapons
 a - a +0 war axe (weapon)
Armour
 b - a +0 scale mail (worn)
 c - a +0 buckler (worn)
 e - a +0 pair of gloves (worn)
Wands
 f - a wand of polymorph (9)
Scrolls
 g - a scroll of blinking {unknown}
 h - 3 scrolls of identify
 j - a scroll of poison
 l - a scroll of brand weapon {unknown}
Potions
 d - a potion of might
 i - a potion of mutation
 k - a potion of enlightenment {unknown}


   Skills:
 + Level 4.7 Fighting
 + Level 3.3 Axes
 + Level 4.7 Armour
 + Level 0.2 Dodging
 + Level 4.1 Shields


You had 3 spell levels left.
You didn't know any spells.
Your spell library contained the following spells:

 Spells                   Type           Power      Damage    Failure   Level
 Sublimation of Blood     Necr           0%         N/A       94%         2
 Wereblood                Tmut           0%         N/A       94%         2
 Summon Hydra             Summ           0%         N/A       100%        7


Dungeon Overview and Level Annotations

Branches:
Dungeon (3/15)

Altars:


Innate Abilities, Weirdness & Mutations

You have a pair of horns on your head.
You reflexively headbutt those who attack you in melee.
You are partially covered in iridescent scales. (AC +2)


Message History

Okay, then.
Things that are here:
a +0 dagger; a goblin corpse You see here a ball python corpse.
An orc priest comes into view. It is wielding a +0 dagger of speed.
The orc priest shouts!
You hear a shout!
The orc priest moves out of view.
An orc comes into view. It is wielding a +0 hand axe.
Found a potion of might.
The orc shouts!
You hear a shout!
The orc hits you with a +0 hand axe.
You closely miss the orc. The orc closely misses you. You furiously retaliate!
You headbutt the orc, but do no damage. You slash the orc!
You kill the orc!
Things that are here:
a +0 hand axe; a +0 leather armour An orc priest comes into view.
It is wielding a +0 mace.
The orc priest shouts!
An orc priest comes into view. It is wielding a +0 hand axe.
The orc priest closely misses you. You furiously retaliate!
You headbutt the orc priest!
The orc priest calls down the wrath of Beogh upon you.
Beogh smites you!
The orc priest invokes the aid of Beogh against you.
Beogh smites you!
You slash the orc priest!
You kill the orc priest!
The orc priest mumbles some strange prayers to Beogh against you.
Pain shoots through your body!
* * * LOW HITPOINT WARNING * * *
The orc priest invokes the aid of Beogh against you.
Beogh smites you!
* * * LOW HITPOINT WARNING * * *
The orc priest miscasts a cantrip.
You see here a +0 dagger of speed.
You slash the orc priest! Your headbutt misses the orc priest.
The orc priest is heavily wounded.
The orc priest hits you with a +0 mace.
You die...

####
...###############
..............)..#
.....#.####.####@#
.....#.# #.# #o#
.....#.# +.+ #o#
.....#.# #.# #.#
.....#.. ... ..#
...###.# #.# #.#
...# #.# #!# #.#
...# #.# .


You could see 2 orc priests.

Vanquished Creatures
  An orc priest (D:3)
  Jessica (D:2)
  3 adders
  A dart slug (D:1)
  An orc (D:3)
  2 endoplasms
  A giant cockroach (D:1)
  2 hobgoblins (D:1)
  A quokka (D:2)
  3 ball pythons
  6 frilled lizards
  3 goblins
  4 rats
29 creatures vanquished.

Notes
Turn   | Place    | Note
-------+----------+-------------------------------------------
     0 | D:1      | Fodor the Minotaur Fighter began the quest for the Orb.
     0 | D:1      | Reached XP level 1. HP: 19/19 MP: 0/0
   275 | D:1      | Reached XP level 2. HP: 27/27 MP: 1/1
   942 | D:2      | Reached XP level 3. HP: 33/33 MP: 2/2
   951 | D:2      | Noticed Jessica
   953 | D:2      | Gained mutation: You are partially covered in iridescent
                  | scales. (AC +2) [potion of mutation]
   983 | D:2      | Killed Jessica
  1116 | D:3      | Found a faded altar of an unknown god.
  1123 | D:3      | Reached XP level 4. HP: 41/41 MP: 3/3
  1169 | D:3      | HP: 2/41 [orc priest/divine providence (10)]
  1170 | D:3      | Slain by an orc priest

Illustrated notes

Levels and vault maps discovered:
D:1:      minmay_arrival_nine_rooms, layout_rooms, minivault_11
D:2:      layout_rooms, uniq_jessica
D:3:      minmay_door_path, layout_basic, nicolae_ecumenical_pavilion,
          serial_shops, nicolae_shop_peninsula

Skill      XL: |  1  2  3 |
---------------+----------+-----
Fighting       | 4 |  4.7
Armour         | 4 |  4.7
Axes           | 3 |  3.3
Shields        | 4 |  4.1
Dodging        | |  0.2

Action                     |  1- 3 |  4- 6 || total
---------------------------+-------+-------++-------
  Melee: War axe           |    49 |     9 ||    58
         Headbutt          |     4 |       ||     4
    Use: Scroll            |     2 |       ||     2
         Potion            |     2 |       ||     2
 Armour: Scale mail        |    24 |     3 ||    27
         Skin              |     8 |       ||     8
  Dodge: Dodged            |    22 |     2 ||    24
  Block: Buckler           |     9 |     3 ||    12

Table legend: (Time is in decaauts)
 A = Elapsed time spent in this place.
 B = Non-inter-level travel time spent in this place.
 C = Inter-level travel time spent in this place.
 D = Time resting spent in this place.
 E = Time spent auto-exploring this place.
 F = Levels seen in this place.
 G = Mean time per level.
                   A        B        C        D        E       F      G
               +--------+--------+--------+--------+--------+-----+--------+
         Total |   1191 |   1191 |      0 |     11 |      0 |   3 |  397.0 |
       Dungeon |   1191 |   1191 |      0 |     11 |      0 |   3 |  397.0 |
               +--------+--------+--------+--------+--------+-----+--------+

Top non-repeatable levels by time:
     D:1: 596 daAuts
     D:2: 537 daAuts
     D:3: 57 daAuts
